 Dungeon Crawl Stone Soup version 0.30-a0-606-ga80edbb (webtiles) character file.

Game seed: 2110128434729536304

1075 milkiemew the Twirler (level 8, -3/59 HPs)
             Began as a Demonspawn Gladiator on Jan 7, 2023.
             Was an Initiate of Okawaru.
             Succumbed to a water moccasin's poison
             ... on level 4 of the Dungeon.
             The game lasted 00:19:26 (4255 turns).

milkiemew the Twirler (Demonspawn Gladiator)        Turns: 4255, Time: 00:19:26

Health: -3/59      AC:  9    Str: 15    XL:     8   Next: 8%
Magic:  4/8        EV: 11    Int: 10    God:    Okawaru [......]
Gold:   249        SH:  4    Dex: 14    Spells: 5/7 levels left

rFire   . . .      SeeInvis .    k - +2 quarterstaff (chaos)
rCold   + . .      Faith    .    (shield currently unavailable)
rNeg    . . .      Spirit   +    h - +0 scale mail
rPois   .          Reflect  .    c - +0 helmet
rElec   .          Harm     .    l - +0 cloak
rCorr   .          Rampage  .    (no gloves)
Will    .....                    (no boots)
Stlth   +                        (no amulet)
HPRegen 0.29/turn                (no ring)
MPRegen 0.22/turn                (no ring)

@: lethally poisoned (-3 -> -38)
A: magic shield, magic regeneration, sturdy frame 1, condensation shield, cold
resistance 1, weak 1
a: Renounce Religion


You were on level 4 of the Dungeon.
You worshipped Okawaru.
Okawaru was noncommittal.
You visited 1 branch of the dungeon, and saw 4 of its levels.
You also visited: Sewer.

You collected 249 gold pieces.

Inventory:

Hand Weapons
 a - a +0 trident
 k - a +2 quarterstaff of chaos (weapon)
Missiles
 e - 32 poisoned darts (quivered)
 p - 4 atropa-tipped darts
 r - a javelin
 s - 2 curare-tipped darts
Armour
 c - a +0 helmet (worn)
 h - a +0 scale mail (worn)
 l - a +0 cloak (worn)
 o - a +0 ring mail
Jewellery
 d - a ring of protection from fire
 q - a ring of protection from fire
Wands
 b - a wand of roots (9)
Scrolls
 f - 4 scrolls of noise
 n - a scroll of identify
Potions
 g - 3 potions of degeneration
 i - a potion of might
 j - a potion of berserk rage
 m - a potion of magic
 w - a potion of brilliance


   Skills:
 + Level 3.6 Fighting
 + Level 4.1(5.3) Polearms
 + Level 4.9(5.7) Staves
 + Level 2.7 Throwing
 + Level 3.2 Armour
 + Level 4.0 Dodging
 + Level 1.2 Stealth
 + Level 0.5 Shields


You had 5 spell levels left.
You knew the following spells:

 Your Spells              Type           Power      Damage    Failure   Level
a - Blink                 Tloc           0%         N/A       80%         2

Your spell library contained the following spells:

 Spells                   Type           Power      Damage    Failure   Level
 Manifold Assault         Tloc           0%         N/A       100%        4
 Iskenderun's Battlesphe  Conj           0%         2d6       100%        5
 Iron Shot                Conj/Erth      0%         9d1       100%        6
 Storm Form               Tmut/Air       0%         N/A       100%        7
 Spellforged Servitor     Conj/Summ      Unusable   N/A       N/A         7

Dungeon Overview and Level Annotations

Branches:
Dungeon (4/15)              Sewer (visited)
 Temple: D:4-7

Altars:
Okawaru
Ru

Shops:
D:1 (


Innate Abilities, Weirdness & Mutations

When hurt, damage is shared between your health and your magic reserves.
You regenerate magic rapidly.
Your movements are slightly less encumbered by armour. (ER -2)
A meltable shield of frost defends you. (SH +4)
Your flesh is cold resistant. (rC+)
You are weak. (Str -2)


Message History

You miss the water moccasin.
The water moccasin is lightly wounded.
You feel very sick. The water moccasin closely misses you.
The water moccasin misses you.
You miss the water moccasin.
The water moccasin is lightly wounded.
You feel sick. The water moccasin bites you.
You are more poisoned.
The water moccasin poisons you!
You miss the water moccasin.
The water moccasin is lightly wounded.
You feel very sick. The water moccasin closely misses you.
The water moccasin bites you.
You are lethally poisoned!
The water moccasin poisons you!
You hit the water moccasin. You burn the water moccasin.
The water moccasin is lightly wounded.
You feel extremely sick. The water moccasin bites you.
You are more poisoned.
The water moccasin poisons you!
You hit the water moccasin. You freeze the water moccasin.
The water moccasin is moderately wounded.
* * * LOW HITPOINT WARNING * * *
You feel extremely sick. The water moccasin bites you.
You closely miss the water moccasin.
The water moccasin is moderately wounded.
* * * LOW HITPOINT WARNING * * *
You feel extremely sick. The water moccasin bites you.
* * * LOW HITPOINT WARNING * * *
You are more poisoned.
The water moccasin poisons you!
The water moccasin bites you but does no damage.
Okay, then.
Blink to where?
Press: ? - help, Dir - move target
As you read the scroll of blinking, it crumbles to dust.
You die...

.# ......(.....# .# ............#
.# ............# .#
..............# .####
...............# ....##.
...............######.......
................))§SJ...#
............@..######...#
#.......##<.......# ..#
#.......##.#.####.# .#
#.......##.#.####.##+##
#+####.......##.#......##.#
#............+..#.........######
.######.......####.######........
.+....>)...........).....†.......
.##.##.####.####....#####.#<.....


You could see a water moccasin.

Vanquished Creatures
  A black bear (D:4)
  8 kobold brigands (Sewer)
  A jelly (D:4)
  Crazy Yiuf (D:2)
  A hound (D:4)
  Jessica (D:2)
  Natasha (twice) (D:2)
  An orc wizard (D:4)
  4 gnolls (D:4)
  9 adders
  2 river rats (Sewer)
  2 worms
  3 dart slugs
  8 orcs
  11 ball pythons
  A bat (D:2)
  5 endoplasms
  12 giant cockroaches
  3 goblins
  6 hobgoblins
  9 jackals
  3 quokkas
  5 frilled lizards
  10 kobolds
  10 rats
119 creatures vanquished.

Notes
Turn   | Place    | Note
-------+----------+-------------------------------------------
     0 | D:1      | milkiemew the Demonspawn Gladiator began the quest for the
                  | Orb.
     0 | D:1      | Reached XP level 1. HP: 16/16 MP: 1/1
   106 | D:1      | Found Jettirifu's Weapon Emporium.
   185 | D:1      | Gained mutation: You regenerate magic rapidly. [demonic
                  | ancestry]
   185 | D:1      | Reached XP level 2. HP: 21/22 MP: 2/2
   411 | D:1      | Found a faded altar of an unknown god.
   426 | D:1      | Prayed at the altar of an unknown god.
   426 | D:1      | Became a worshipper of Ru the Awakened
   446 | D:1      | Gained mutation: Your movements are slightly less
                  | encumbered by armour. (ER -2) [demonic ancestry]
   446 | D:1      | Reached XP level 3. HP: 25/27 MP: 3/3
   782 | D:2      | Found a runed translucent door.
   783 | D:2      | Noticed Crazy Yiuf
  1222 | D:2      | Gained mutation: You are weak. (Str -2) [potion of
                  | mutation]
  1222 | D:2      | Gained mutation: Your flesh is cold resistant. (rC+)
                  | [potion of mutation]
  1298 | D:2      | Noticed Jessica
  1304 | D:2      | Killed Jessica
  1305 | D:2      | Reached skill level 1 in Armour
  1305 | D:2      | Reached XP level 4. HP: 33/33 MP: 4/4
  1613 | D:2      | Noticed Natasha
  1623 | D:2      | Killed Natasha
  1951 | D:2      | Noticed Natasha
  2153 | D:2      | Killed Crazy Yiuf
  2154 | D:2      | Reached XP level 5. HP: 31/39 MP: 5/5
  2215 | D:2      | Killed Natasha
  2375 | D:3      | Found a glowing drain.
  2400 | Sewer    | Entered a sewer
  2544 | Sewer    | Reached skill level 1 in Staves
  2544 | Sewer    | Reached XP level 6. HP: 31/46 MP: 6/6
  2758 | Sewer    | Gained mutation: A meltable shield of frost defends you.
                  | (SH +4) [demonic ancestry]
  2758 | Sewer    | Reached XP level 7. HP: 36/52 MP: 7/7
  3264 | Sewer    | Learned a level 2 spell: Blink
  3503 | D:3      | Found an iron altar of Okawaru.
  3526 | D:3      | Fell from the grace of Ru
  3526 | D:3      | Became a worshipper of Warmaster Okawaru
  3900 | D:4      | Reached skill level 1 in Stealth
  3939 | D:4      | Gained mutation: When hurt, damage is shared between your
                  | health and your magic reserves. [demonic ancestry]
  3939 | D:4      | Reached XP level 8. HP: 13/58 MP: 8/8
  4255 | D:4      | Succumbed to a water moccasin's poison

Illustrated notes

Levels and vault maps discovered:
D:1:      co_arrival_random_square_maze, layout_rooms, serial_shops, shop,
          shapermc_ecumenical_altar_notcrosses
D:2:      layout_basic, uniq_crazy_yiuf_cottage, uniq_natasha, uniq_jessica
D:3:      layout_basic, okawaru_metal_pillars_3, portal_sewer_entry_f
D:4:      layout_basic, uniq_edmund

Skill      XL: |  1  2  3  4  5  6  7 |
---------------+----------------------+-----
Dodging        | 3 4 |  4.0
Polearms       | 3 4 |  4.1
Armour         | 1 2 3 |  3.2
Throwing       | 2 |  2.7
Staves         | 1 3 4 |  4.9
Fighting       | 3 |  3.6
Stealth        | 1 |  1.2
Shields        | |  0.5

Action                   |  1- 3 |  4- 6 |  7- 9 || total
-------------------------+-------+-------+-------++-------
Melee: Trident           |   104 |    29 |       ||   133
       Unarmed           |       |     4 |       ||     4
       Quarterstaff      |       |    91 |   162 ||   253
Throw: Throwing net      |     4 |     1 |       ||     5
       Javelin           |     1 |     5 |       ||     6
       Dart              |       |    15 |    20 ||    35
  Use: Scroll            |     6 |     1 |     6 ||    13
       Potion            |     8 |     2 |     1 ||    11
 Stab: Held in net/web   |       |     1 |       ||     1
       Paralysed         |       |       |     2 ||     2
       Confused          |       |       |     1 ||     1
Armor: Leather armour    |    23 |       |       ||    23
       Ring mail         |    12 |     2 |       ||    14
       Scale mail        |       |    49 |    69 ||   118
Dodge: Dodged            |    70 |    73 |    79 ||   222
Block: Other             |       |       |    35 ||    35

Table legend: (Time is in decaauts)
 A = Elapsed time spent in this place.
 B = Non-inter-level travel time spent in this place.
 C = Inter-level travel time spent in this place.
 D = Time resting spent in this place.
 E = Time spent auto-exploring this place.
 F = Levels seen in this place.
 G = Mean time per level.
                   A        B        C        D        E       F      G
               +--------+--------+--------+--------+--------+-----+--------+
         Total |   4487 |   4343 |    144 |      0 |   2978 |   5 |  897.4 |
       Dungeon |   3387 |   3243 |    144 |      0 |   2345 |   4 |  846.8 |
         Sewer |   1099 |   1099 |      0 |      0 |    632 |   1 | 1099.0 |
               +--------+--------+--------+--------+--------+-----+--------+

Top non-repeatable levels by time:
     D:2: 1533 daAuts
   Sewer: 1099 daAuts
     D:1: 701 daAuts
     D:4: 611 daAuts
     D:3: 541 daAuts
